 Dungeon Crawl Stone Soup version 0.27.1-1-g398f81649c (webtiles) character file.

Game seed: 8997218392815282660

89 r3algoood the Magician (level 4, -2/24 HPs)
             Began as a Deep Elf Air Elementalist on Sept 10, 2021.
             Killed by divine providence
             ... invoked by an orc priest
              (15 damage)
             ... on level 3 of the Dungeon.
             The game lasted 00:08:27 (2666 turns).

r3algoood the Magician (Deep Elf Air Elementalist)  Turns: 2666, Time: 00:08:29

Health: -2/24      AC:  2    Str:  5    XL:     4   Next: 31%
Magic:  6/12       EV: 12    Int: 21    God:
Gold:   57         SH:  0    Dex: 15    Spells: 3/11 levels left

rFire    . . .     SeeInvis .   i - +0 dagger (venom)
rCold    . . .     Faith    .   (no shield)
rNeg     . . .     Spirit   .   a - +0 robe
rPois    .         Reflect  .   (no helmet)
rElec    .         Harm     .   (no cloak)
rCorr    .         Rampage  .   (no gloves)
Will     .....                  (no boots)
Stlth    ++........             (no amulet)
HPRegen  0.08/turn              (no ring)
MPRegen  0.13/turn              (no ring)

@: very slightly contaminated
A: no striking features
a: no special abilities


You were on level 3 of the Dungeon.
You visited 1 branch of the dungeon, and saw 3 of its levels.

You collected 57 gold pieces.

Inventory:

Hand Weapons
 i - a +0 dagger of venom (weapon)
Armour
 a - a +0 robe (worn)
Scrolls
 d - 2 scrolls of identify {unknown}
 f - a scroll of brand weapon {unknown}
 g - a scroll of magic mapping {unknown}
 h - a scroll of torment {unknown}
 j - a scroll of enchant armour {unknown}
Potions
 b - a potion of heal wounds {unknown}
 c - a potion of lignification {unknown}
 e - a potion of curing {unknown}


   Skills:
 - Level 2.4 Dodging
 - Level 2.4 Stealth
 + Level 4.3 Spellcasting
 + Level 2.7 Conjurations
 + Level 3.8 Air Magic


You had 3 spell levels left.
You knew the following spells:

 Your Spells              Type           Power      Damage    Failure   Level
a - Shock                 Conj/Air       72%        1d7       3%          1
b - Swiftness             Air            20%        N/A       7%          3
c - Airstrike             Air            10%        N/A       24%         4

Your spell library contained the following spells:

 Spells                   Type           Power      Damage    Failure   Level
 Static Discharge         Conj/Air       18%        N/A       4%          2
 Call Canine Familiar     Summ           4%         N/A       34%         3
 Portal Projectile        Hex/Tloc       8%         N/A       34%         3
 Leda's Liquefaction      Hex/Erth       2%         N/A       75%         4


Dungeon Overview and Level Annotations

Branches:
Dungeon (3/15)

Altars:
Beogh

Shops:
D:3 (


Message History

The orc priest shouts!
The orc shouts! x2
The orc priest invokes the aid of Beogh against you.
Beogh smites you!
The orc shouts!
Found 68 gold pieces.
Found a roughly hewn altar of Beogh.
Casting: Shock (safe; 3% risk of failure)
Confirm with . or Enter, or press ? or * to list all spells.
The spell is potentially lethal to cast (24% risk of failure)!
Continue anyway? [Y]es or [N]o only, please.
The spell is potentially lethal to cast (24% risk of failure)!
Continue anyway?
Aiming: Airstrike (potentially lethal; 24% risk of failure)
Press: ? - help, Dir - move target, f - orc
Aim: an orc, wielding a +0 flail and wearing a +0 scale mail You miscast Airstrike.
You are very lightly contaminated with residual magic.
Nothing appears to happen.
Casting: Airstrike (potentially lethal; 24% risk of failure)
Confirm with . or Enter, or press ? or * to list all spells.
Aiming: Shock (safe; 3% risk of failure)
Press: ? - help, Shift-Dir - straight line, f/p - orc
Aim: an orc, wielding a +0 flail and wearing a +0 scale mail (75% to hit)
The zap hits the orc.
The orc is heavily wounded.
The zap hits the orc.
The orc is severely wounded.
The zap hits the orc.
The orc is heavily wounded.
The zap hits the orc priest.
The orc priest is moderately wounded.
The zap hits the orc priest but does no damage.
Casting: Shock (safe; 3% risk of failure)
Confirm with . or Enter, or press ? or * to list all spells.
Aiming: Shock (safe; 3% risk of failure)
Press: ? - help, Shift-Dir - straight line, f - orc, p - orc
Aim: an orc, wielding a +0 dagger (heavily wounded, 71% to hit)
The zap misses the orc.
The orc priest mumbles some strange prayers to Beogh against you.
Beogh smites you!
Ouch! That really hurt!
You die...

........'.......#.#
........####...#..#
.......## ##.##.##
#.....## ####.#
##...## #.# ##+##
### #.# ##$.. #.#
#$8.8.#o# #_oo.oo@#
#$8$8.### ##.$$ ###


You could see 2 orc priests and 3 orcs.

Vanquished Creatures
  4 adders (D:2)
  An ufetubus (D:2)
  A worm (D:1)
  A dart slug (D:1)
  3 endoplasms
  3 giant cockroaches (D:1)
  2 goblins (D:1)
  5 hobgoblins
  2 jackals (D:1)
  A quokka (D:3)
  6 ball pythons
  A bat (D:1)
  8 frilled lizards
  3 kobolds (D:2)
  5 rats (D:1)
46 creatures vanquished.

Vanquished Creatures (others)
  13 demonic plants (D:2)
  2 fungi (D:2)
  5 plants (D:2)
  6 withered plants (D:2)
26 creatures vanquished.

Grand Total: 72 creatures vanquished

Notes
Turn   | Place    | Note
-------+----------+-------------------------------------------
     0 | D:1      | r3algoood the Deep Elf Air Elementalist began the quest for
                  | the Orb.
     0 | D:1      | Reached XP level 1. HP: 10/10 MP: 6/6
   385 | D:1      | Reached XP level 2. HP: 15/15 MP: 2/8
  1538 | D:1      | Reached XP level 3. HP: 19/19 MP: 1/10
  1745 | D:1      | Learned a level 3 spell: Swiftness
  1908 | D:2      | Reached skill level 4 in Spellcasting
  2050 | D:2      | Found a faded altar of an unknown god.
  2076 | D:2      | Reached XP level 4. HP: 24/24 MP: 8/12
  2528 | D:2      | Learned a level 4 spell: Airstrike
  2537 | D:3      | Found Fitz's Weapon Boutique.
  2666 | D:3      | Killed from afar by an orc priest

Illustrated notes

Levels and vault maps discovered:
D:1:      matt_arrival_refuge, layout_basic, minivault_24
D:2:      layout_rooms, shapermc_ecumenical_altar_gd, kennysheep_generic_room_14
D:3:      layout_loops_corners, serial_shops, nicolae_shop_waterfront,
          kennysheep_orc_chapel

Skill      XL: |  1  2  3 |
---------------+----------+-----
Conjurations   | 2 |  2.7
Spellcasting   | 4 |  4.3
Dodging        | |  2.4
Stealth        | |  2.4
Air Magic      | |  3.8

Action                   |  1- 3 |  4- 6 || total
-------------------------+-------+-------++-------
 Cast: Shock             |   107 |    11 ||   118
       Airstrike         |       |     1 ||     1
Armor: Robe              |     2 |       ||     2
